 Dungeon Crawl Stone Soup version 0.25-a0-565-g8875c97ebb (console) character file.

Game seed: 10831871230008593060, levelgen mode: classic

25 Duffy the Magician (level 2, 14/15 HPs)
             Began as a Deep Elf Earth Elementalist on Feb 26, 2020.
             Quit the game on level 1 of the Dungeon.
             The game lasted 00:00:45 (608 turns).

Duffy the Magician (Deep Elf Earth Elementalist)     Turns: 608, Time: 00:00:46

Health: 14/15      AC:  2    Str:  5    XL:     2   Next: 82%
Magic:  9/9        EV: 13    Int: 19    God:
Gold:   0          SH:  0    Dex: 15    Spells: 8/9 levels left

rFire    . . .     SeeInvis .   d - ration
rCold    . . .     Gourm    .   (no shield)
rNeg     . . .     Faith    .   c - +0 robe
rPois    .         Spirit   .   (no helmet)
rElec    .         Reflect  .   (no cloak)
rCorr    .         Harm     .   (no gloves)
MR       .....                  (no boots)
Stlth    ++........             (no amulet)
HPRegen  0.05/turn              (no ring)
MPRegen  0.11/turn              (no ring)

@: no status effects
A: no striking features
a: no special abilities


You were on level 1 of the Dungeon.
You were not hungry.

You visited 1 branch of the dungeon, and saw 2 of its levels.

Inventory:

Armour
 c - a +0 robe (worn)
Scrolls
 e - a scroll of identify {unknown}
 f - a scroll of fear {unknown}
Comestibles
 a - 3 chunks of flesh
 d - a ration (in hand)


   Skills:
 - Level 2.4 Dodging
 - Level 2.4 Stealth
 + Level 4.0 Spellcasting
   Level 1.1 Transmutations
 + Level 4.0 Earth Magic


You had 8 spell levels left.
You knew the following spells:

 Your Spells              Type           Power        Failure   Level  Hunger
h - Sandblast             Erth           ###...       2%          1    None

Your spell library contained the following spells:

 Spells                   Type           Power        Failure   Level  Hunger
 Passwall                 Tmut/Erth      ##......     8%          2    ##.....
 Stone Arrow              Conj/Erth      ##....       19%         3    ###....
 Petrify                  Tmut/Erth      ##......     43%         4    ####...
 Lee's Rapid Deconstruct  Erth           ###.......   58%         5    ######.


Dungeon Overview and Level Annotations

Branches:
Dungeon (2/15)

Altars:


Message History

You climb downwards.
A kobold comes into view. It is wielding a +0 dagger.
There is a stone staircase leading up here.
Found a stone staircase leading down.
Found 3 scrolls labeled SAODAJ WAEW.
A frilled lizard comes into view.
The frilled lizard hisses angrily.
Found a scale mail.
A dart slug comes into view.
Found a scroll labeled ZIMAUZ PIWOPAODU.
There is a stone staircase leading up here.
The frilled lizard bites you.
You climb upwards.
There is a stone staircase leading down here.
Cast which spell? (? or * to list)
Aiming: Sandblast (safe; 2% risk of failure)
Press: ? - help, Shift-Dir - straight line, f - frilled lizard
Aim: a frilled lizard You don't have any stones to cast with.
Are you sure you want to abandon this character and quit the game? (Confirm with "yes".)

#.........................
#.#####).########.....####
#.#...................'...
#....##..#...###......####
###..##..#...###......####
#..##...................
#....>..................
##.##.l#########.#######
#.....@### #.# #........#
#.####### #....#.#.#
###........ #....#.#.#
#.....#####
#....+.#.#####.....##
####....###.#.............
#....%....#'#'############
#.#######%.......##......#
#........##......#


You could see a frilled lizard.

Vanquished Creatures
  An ooze (D:1)
  A dart slug (D:1)
  4 bats (D:1)
  3 giant cockroaches (D:1)
  2 hobgoblins (D:1)
  2 frilled lizards (D:1)
  3 goblins (D:1)
  A kobold (D:1)
  A rat (D:1)
18 creatures vanquished.

Notes
Turn   | Place    | Note
-------+----------+-------------------------------------------
     0 | D:1      | Duffy the Deep Elf Earth Elementalist began the quest for
                  | the Orb.
     0 | D:1      | Reached XP level 1. HP: 10/10 MP: 6/6
   208 | D:1      | Reached XP level 2. HP: 13/15 MP: 4/8
   608 | D:1      | Quit the game

Levels and vault maps discovered:
D:1:      minmay_arrival_loop, layout_basic
D:2:      layout_rooms

Skill      XL: |  1  2 |
---------------+-------+-----
Spellcasting   | 4 |  4.0
Earth Magic    | 4 |  4.0
Dodging        | |  2.4
Stealth        | |  2.4
Transmutations | |  1.1

Action                   || total
-------------------------++-------
 Cast: Sandblast         ||    30
Armor: Robe              ||     1
Dodge: Dodged            ||    10

Table legend:
 A = Non-vault XP
 B = Vault XP
 C = Vault XP percentage of total XP
 D = Non-vault monster count
 E = Vault monster count
 F = Vault count percentage of total count
                 A         B        C        D         E       F
            +---------+---------+-------+---------+---------+-------
      Total |      36 |       0 |   0.0 |      18 |       0 |   0.0
            +---------+---------+-------+---------+---------+-------
        D:1 |      36 |       0 |   0.0 |      18 |       0 |   0.0
            +---------+---------+-------+---------+---------+-------
